AoeStats
← Phoenyks

Arabia

506509056Analyzed
3v3 RM · 19d ago on Sep 13, 2026· 43m 46s· 6 players
Game mode
Random Map
Map size
Normal (6 player)
Population
200
Speed
Normal
Resources
Standard
Victory
Conquest
Starting age
Dark Age
Ending age
Imperial Age
RankedLock teamsTeams togetherTeam positionsShared explorationLock speedFull tech treeHidden civsTurbo modeCheats
Victory
Defeat
🇦🇷 Mongols · Argentina
1202
+15
🇦🇷 Celts · Argentina
1151
+17
🇦🇷 Franks · Argentina
1077
+21
🇳🇱 Aztecs · Netherlands
1207
-19
🇳🇱 Magyars · Netherlands
1202
-19
🇳🇱 Britons · Netherlands
1124
-15
EZEKIEL_2517
6:40 Loom
9:18 Feudal Age
9:47 Double-Bit Axe
12:51 Horse Collar
20:06 Castle Age
18:31 Gold Mining
21:02 Bow Saw
21:00 Heavy Plow
21:49 Wheelbarrow
22:18 Gold Shaft Mining
25:40 Hand Cart
30:48 Imperial Age
29:21 Pikeman
30:03 Town Watch
31:37 Scale Mail Armor
34:20 Chain Mail Armor
34:15 Forging
36:03 Gambesons
36:28 Halberdier
38:25 Iron Casting
38:20 Plate Mail Armor
39:12 Plate Mail Armor
40:08 Masonry
41:45 Blast Furnace
42:31 Heavy Scorpion
43:03 Fletching
45:19 Chemistry
44:25 Siege Engineers
Challwaq
5:01 Loom
10:34 Feudal Age
16:21 Double-Bit Axe
20:55 Castle Age
19:49 Double-Bit Axe
21:14 Gold Mining
24:21 Bow Saw
29:44 Husbandry
30:29 Wheelbarrow
33:18 Hand Cart
32:52 Town Watch
33:50 Pikeman
34:31 Squires
36:06 Stone Mining
36:52 Gold Shaft Mining
36:53 Scale Barding Armor
38:31 Forging
38:42 Chain Barding Armor
38:47 Arson
38:23 Man-at-Arms
38:49 Gambesons
40:08 Town Patrol
Moralelastic
7:00 Loom
8:45 Feudal Age
9:55 Double-Bit Axe
13:18 Forging
13:00 Fletching
19:44 Castle Age
18:41 Padded Archer Armor
20:06 Crossbowman
21:25 Gold Mining
21:18 Horse Collar
23:49 Bodkin Arrow
26:05 Husbandry
26:15 Bloodlines
33:25 Forging
33:21 Scale Barding Armor
34:27 Wheelbarrow
39:19 Imperial Age
38:35 Gold Shaft Mining
38:13 Bow Saw
39:30 Leather Archer Armor
39:24 Capped Ram
40:45 Bracer
40:20 Arbalester
42:15 Stone Mining
42:32 Thumb Ring
43:12 Siege Ram
44:26 Drill
Phoenyks
8:16 Loom
10:13 Feudal Age
11:03 Double-Bit Axe
12:54 Town Watch
13:47 Horse Collar
21:41 Castle Age
20:38 Scale Mail Armor
23:07 Gold Mining
24:53 Bow Saw
25:20 Chain Mail Armor
28:30 Bloodlines
38:07 Crossbowman
RZNR
12:00 Feudal Age
16:12 Castle Age
14:47 Double-Bit Axe
14:44 Horse Collar
17:52 Bow Saw
22:21 Fletching
25:07 Town Watch
26:18 Padded Archer Armor
27:34 Leather Archer Armor
29:13 Bodkin Arrow
33:21 Pikeman
34:19 Forging
36:24 Stone Mining
37:21 Iron Casting
36:47 Scale Mail Armor
36:38 Elite Skirmisher
37:27 Squires
MochaMeerkat#292
2:29 Loom
11:16 Feudal Age
14:06 Double-Bit Axe
18:10 Castle Age
23:50 Town Watch
24:41 Wheelbarrow
26:56 Gold Mining
28:41 Bow Saw
28:57 Sanctity
30:51 Stone Mining
32:50 Fletching
38:03 Imperial Age
39:08 Conscription
40:24 Scale Mail Armor
41:30 Chain Mail Armor
41:38 Forging
43:13 Garland Wars
Connection lost

Rejoining the realm…

Still unreachable

The connection could not be restored.

Session expired

The server has moved on; the page needs a fresh start.